 Dungeon Crawl Stone Soup version 0.29-a0-700-g2f1814c7b2 (webtiles) character file.

Game seed: 3701913835129690203

3283 gobodom the Geomancer (level 10, -4/71 HPs)
             Began as a Formicid Earth Elementalist on June 25, 2022.
             Slain by a skeletal warrior
             ... wielding a +0 halberd
              (6 damage)
             ... on level 8 of the Dungeon.
             The game lasted 00:38:00 (7854 turns).

gobodom the Geomancer (Formicid Earth Elementalist) Turns: 7854, Time: 00:38:01

Health: -4/71      AC:  6    Str: 18    XL:     10   Next: 20%
Magic:  21/21      EV: 13    Int: 18    God:
Gold:   314        SH:  0    Dex: 15    Spells: 20/24 levels left

rFire   . . .      SeeInvis +   v - +7 spear of Xom, Lusting {holy, rC+}
rCold   + . .      Faith    .   (no shield)
rNeg    + . .      Spirit   .   K - +0 troll leather armour
rPois   .          Reflect  .   (helmet unavailable)
rElec   .          Harm     .   (no cloak)
rCorr   .          Rampage  .   (no gloves)
Will    ++...                   g - +1 pair of boots
Stlth   +++.......              a - amulet of magic regeneration
HPRegen 1.01/turn               i - ring of the Little Devil {+Blink rN+ Will+ Str+6 Dex-3}
MPRegen 0.57/turn               (no ring)

@: studying Air Magic
A: permanent stasis, dig shafts and tunnels, antennae 3, four strong arms, agile
1
a: Dig, Shaft Self


You were on level 8 of the Dungeon.
You visited 1 branch of the dungeon, and saw 8 of its levels.

You collected 402 gold pieces.
You spent 88 gold pieces at shops.

Inventory:

Hand Weapons
 p - a +2 war axe of flaming
 v - the +7 spear of Xom, Lusting (weapon) {holy, rC+}
   (You found it on level 3 of the Dungeon)

   It has been blessed by the Shining One to cause great damage to the undead
   and demons.
   rC:        It protects you from cold.
 x - a +1 vampiric dagger
 B - a +0 whip of freezing
 C - a +2 flail of protection
 M - the +1 scimitar of Contention {flame, rN+ MP+9 Dex+4}
   (You found it on level 8 of the Dungeon)

   It burns those it strikes, dealing additional fire damage.
   Big, fiery blades are also staple armaments of hydra-hunters.
   Dex:       It affects your dexterity (+4).
   rN:        It protects you from negative energy.
   MP:        It affects your magic capacity (+9).
Missiles
 d - a curare-tipped dart
 k - 11 poisoned darts
 A - 5 atropa-tipped darts
 D - 2 boomerangs
 G - 4 boomerangs of dispersal
Armour
 g - a +1 pair of boots (worn)
 m - a +2 robe of resistance
 J - +0 acid dragon scales
 K - a +0 troll leather armour (worn)
Magical Staves
 y - a staff of cold
Jewellery
 a - an amulet of magic regeneration (around neck)
 i - the ring of the Little Devil (left hand) {+Blink rN+ Will+ Str+6 Dex-3}
   (You took it off an orc on level 5 of the Dungeon)

   [ring of strength]

   Str:       It affects your strength (+6).
   Dex:       It affects your dexterity (-3).
   rN:        It protects you from negative energy.
   +Blink:    It lets you blink.
   Will:      It increases your willpower.
 s - an amulet of guardian spirit
 L - an amulet of the acrobat
Wands
 h - a wand of iceblast (25)
 t - a wand of charming (3)
Scrolls
 c - a scroll of brand weapon {unknown}
 j - a scroll of fog
 l - 2 scrolls of amnesia
 w - 2 scrolls of noise {unknown}
 z - a scroll of summoning {unknown}
 E - 2 scrolls of magic mapping {unknown}
 F - 2 scrolls of identify
 H - a scroll of enchant weapon {unknown}
 N - 2 scrolls of blinking {unknown}
 O - a scroll of teleportation {unknown}
Potions
 b - 2 potions of magic
 e - 3 potions of lignification
 f - 2 potions of flight
 n - a potion of brilliance {unknown}
 o - a potion of invisibility {unknown}
 q - a potion of might {unknown}
 r - 3 potions of ambrosia
 u - a potion of attraction {unknown}
 I - a potion of mutation


   Skills:
 + Level 4.0 Fighting
 + Level 5.0 Polearms
 + Level 0.4 Armour
 + Level 4.3 Dodging
 + Level 4.4 Stealth
 + Level 0.2 Unarmed Combat
 + Level 7.7 Spellcasting
 * Level 2.9 Conjurations
 + Level 1.1 Transmutations
 + Level 9.2 Earth Magic
 + Level 0.6 Evocations


You had 20 spell levels left.
You knew the following spells:

 Your Spells              Type           Power      Damage    Failure   Level
a - Sandblast             Erth           80%        2d17      1%          1
b - Stone Arrow           Conj/Erth      56%        3d10      3%          3

Your spell library contained the following spells:

 Spells                   Type           Power      Damage    Failure   Level
 Passwall                 Tmut/Erth      20%        N/A       2%          2
 Petrify                  Tmut/Erth      25%        N/A       14%         4
 Scorch                   Fire           12%        2d6       19%         2
 Gell's Gravitas          Tloc           6%         N/A       34%         3
 Inner Flame              Hex/Fire       6%         N/A       34%         3
 Lesser Beckoning         Tloc           6%         N/A       34%         3
 Teleport Other           Tloc           6%         N/A       34%         3
 Flame Wave               Conj/Fire      12%        2d6       54%         4
 Cause Fear               Hex            3%         N/A       75%         4
 Olgreb's Toxic Radiance  Pois           6%         N/A       75%         4
 Summon Cactus Giant      Summ           3%         N/A       100%        6
 Ozocubu's Refrigeration  Ice            3%         4d5       100%        7
 Discord                  Hex            3%         N/A       100%        8
 Ignition                 Fire           3%         3d4       100%        8


Dungeon Overview and Level Annotations

Branches:
Dungeon (8/15)             Temple (0/1) D:7
   Lair: D:8-11

Altars:
Dithmenos
Qazlal

Shops:
D:5 ?[[


Innate Abilities, Weirdness & Mutations

You cannot be hasted, slowed, berserked, paralysed or teleported.
You can dig through walls and to a lower floor.
You have a pair of large antennae on your head. (SInv)
Your four strong arms can wield two-handed weapons with a shield.
You are agile. (Dex +4, Int/Str-1)


Message History

The skeletal warrior is heavily damaged.
You puncture the skeletal warrior!
The skeletal warrior convulses.
The skeletal warrior is severely damaged.
The skeletal warrior misses you.
You hit the skeletal warrior.
The skeletal warrior convulses.
The skeletal warrior is severely damaged.
The skeletal warrior misses you.
You hit the skeletal warrior.
The skeletal warrior convulses.
The skeletal warrior is severely damaged.
The skeletal warrior hits you with a +0 halberd!
You hit the skeletal warrior but do no damage.
The skeletal warrior is severely damaged.
The skeletal warrior misses you.
The deep elf pyromancer casts a spell.
The deep elf pyromancer blinks!
You puncture the skeletal warrior!
The skeletal warrior convulses.
The skeletal warrior is almost destroyed.
You hit the skeletal warrior but do no damage.
The skeletal warrior is almost destroyed.
The skeletal warrior hits you with a +0 halberd!!
* * * LOW HITPOINT WARNING * * *
You hit the skeletal warrior.
The skeletal warrior convulses.
The skeletal warrior is almost destroyed.
The deep elf pyromancer casts a spell.
The deep elf pyromancer blinks!
The skeletal warrior closely misses you.
You feel better.
The skeletal warrior hits you with a +0 halberd!
* * * LOW HITPOINT WARNING * * *
Aiming: Iceblast
Press: ? - help, Q - select action, (/) - cycle Shift-Dir - straight line
Okay, then.
You hit the skeletal warrior but do no damage.
The skeletal warrior is almost destroyed.
The skeletal warrior hits you with a +0 halberd.
* * * LOW HITPOINT WARNING * * *
You hit the skeletal warrior but do no damage.
The skeletal warrior is almost destroyed.
The skeletal warrior hits you with a +0 halberd.
You die...

.#)#.##.#..#.#
.#)#..#.# #.#
.#.#..#.# #.#
.#.#....# #.#
.#.#.#..# #.#
.#.#<#..# #.#
.#)###..# #.#
.#)#
#..####.#######
...#
##>...e....@zE##
#####
############..#
..# ##.# ###.#
#.# ....## {#.
.##..# .. #.
.....###### .#.
.) ###........
###. ##
..........# .. {


You could see a skeletal warrior, a deep elf pyromancer and a fire elemental
(summoned).

Vanquished Creatures
  Pikel (D:6)
  Maggie (D:7)
  A troll (D:8)
  Menkaure (D:4)
  A sky beast (D:8)
  An ice beast (D:7)
  2 black bears
  3 centaurs
  A phantom (D:5)
  A lemure (D:6)
  A necrophage (D:5)
  6 bullfrogs
  A kobold brigand (D:4)
  A scorpion (D:5)
  3 killer bees (D:7)
  3 howler monkeys
  5 jellies
  A gnoll shaman (D:7)
  3 orc priests
  3 hounds
  Ijyb (D:4)
  An iguana (D:5)
  4 orc wizards
  5 gnolls (D:7)
  7 adders
  2 shadow imps
  A white imp (D:7)
  An ufetubus (D:6)
  A dart slug (D:5)
  28 orcs
  6 ball pythons
  6 endoplasms
  4 giant cockroaches
  7 goblins
  5 hobgoblins
  3 jackals (D:1)
  3 kobolds
  4 quokkas
  7 bats
  3 rats
139 creatures vanquished.

Vanquished Creatures (others)
  A sky beast (D:7)
  2 killer bees (D:7)
  11 plants (D:8)
14 creatures vanquished.

Grand Total: 153 creatures vanquished

Notes
Turn   | Place    | Note
-------+----------+-------------------------------------------
     0 | D:1      | gobodom the Formicid Earth Elementalist began the quest for
                  | the Orb.
     0 | D:1      | Reached XP level 1. HP: 13/13 MP: 3/3
   214 | D:1      | Found a faded altar of an unknown god.
   219 | D:1      | Reached XP level 2. HP: 19/19 MP: 1/5
   351 | D:1      | Reached skill level 4 in Earth Magic
   688 | D:1      | Reached XP level 3. HP: 24/24 MP: 4/6
  1563 | D:2      | Reached XP level 4. HP: 21/30 MP: 5/8
  2144 | D:3      | Identified the +7 spear of Xom, Lusting {holy, rC+}
  2535 | D:4      | Noticed a kobold brigand
  2605 | D:4      | Noticed Menkaure
  2671 | D:4      | Killed a kobold brigand
  2672 | D:4      | Reached skill level 5 in Earth Magic
  2672 | D:4      | Reached XP level 5. HP: 3/36 MP: 2/10
  2974 | D:4      | Killed Menkaure
  2975 | D:4      | Reached skill level 6 in Earth Magic
  2975 | D:4      | Reached XP level 6. HP: 37/42 MP: 8/12
  3506 | D:4      | Noticed Ijyb
  3548 | D:4      | Killed Ijyb
  3549 | D:4      | Reached skill level 1 in Polearms
  4072 | D:5      | Entered Level 5 of the Dungeon
  4077 | D:5      | Identified the ring of the Little Devil {+Blink rN+ Will+
                  | Str+6 Dex-3}
  4082 | D:5      | Reached XP level 7. HP: 47/47 MP: 8/13
  4103 | D:5      | Reached skill level 1 in Fighting
  4118 | D:5      | Found Nesch's Antique Armour Shop.
  4129 | D:5      | Bought an embroidered robe for 88 gold pieces
  4139 | D:5      | Found Kefog's Magic Scroll Emporium.
  4387 | D:5      | Reached skill level 5 in Spellcasting
  4396 | D:5      | Gained mutation: You are agile. (Dex +4, Int/Str-1) [potion
                  | of mutation]
  4407 | D:5      | Found Bow Rompirgh's Antique Armour Shop.
  4412 | D:5      | Reached XP level 8. HP: 56/56 MP: 12/15
  4414 | D:5      | Reached skill level 7 in Earth Magic
  4936 | D:6      | Learned a level 3 spell: Stone Arrow
  5185 | D:6      | Noticed Pikel
  5206 | D:6      | Killed Pikel
  5207 | D:6      | Reached skill level 8 in Earth Magic
  5207 | D:6      | Reached XP level 9. HP: 36/62 MP: 8/18
  5944 | D:7      | Found a staircase to the Ecumenical Temple.
  6234 | D:7      | Noticed Maggie
  6253 | D:7      | Killed Maggie
  6536 | D:7      | Found a large runed translucent door.
  6537 | D:7      | Found a large runed translucent door.
  6855 | D:7      | Found a stormy altar of Qazlal.
  6858 | D:7      | Found a shadowy altar of Dithmenos.
  6927 | D:7      | Reached skill level 1 in Conjurations
  7177 | D:8      | Noticed a troll
  7188 | D:8      | Killed a troll
  7189 | D:8      | Reached skill level 9 in Earth Magic
  7189 | D:8      | Reached XP level 10. HP: 20/71 MP: 11/21
  7406 | D:8      | Identified the +1 scimitar of Contention {flame, rN+ MP+9
                  | Dex+4}
  7659 | D:8      | Reached skill level 5 in Polearms
  7825 | D:8      | Noticed a deep elf pyromancer
  7825 | D:8      | Noticed a skeletal warrior
  7853 | D:8      | HP: 1/71 [skeletal warrior/+0 halberd (4)]
  7854 | D:8      | Slain by a skeletal warrior

Illustrated notes

Levels and vault maps discovered:
D:1:      matt_arrival_los_fun, layout_basic, serial_co_window_serial,
          co_window_paths_a, co_window_corner_a, co_window_corner_a,
          co_window_paths_b, co_window_of_opportunity_a,
          co_window_of_opportunity_b, co_window_corner_b,
          co_window_unsneaky_path_e, co_window_broadway_c, co_window_corner_b,
          co_window_cross_2, co_window_of_opportunity_b, glass_columns_b,
          glass_columns_c, glass_columns_a, glass_columns_a, glass_columns_a,
          basic_ecumenical_altar
D:2:      layout_rooms
D:3:      layout_basic
D:4:      layout_basic, uniq_ijyb, uniq_menkaure
D:5:      layout_rooms, serial_curves, eino_curves_04, eino_curves_02,
          serial_shops, shop, nicolae_square_shop, shop,
          minmay_increasing_density
D:6:      layout_loops_cross, uniq_pikel
D:7:      layout_rooms, jmf_multi_god_temple2, minmay_temple_entry_wispy,
          uniq_maggie
D:8:      minmay_bloctagon_deflated, layout_basic,
          nicolae_hepliaklqana_hazy_memory, minmay_radiant

Skill      XL: |  1  2  3  4  5  6  7  8  9 10 |
---------------+-------------------------------+-----
Earth Magic    | 4 5 6 8 9 |  9.2
Stealth        | 3 4 |  4.4
Spellcasting   | 3 4 5 6 7 |  7.7
Dodging        | 2 3 4 |  4.3
Polearms       | 1 2 3 4 5 |  5.0
Fighting       | 1 2 3 4 |  4.0
Conjurations   | 1 2 |  2.9
Armour         | |  0.4
Unarmed Combat | |  0.2
Transmutations | |  1.1
Evocations     | |  0.6

Action                   |  1- 3 |  4- 6 |  7- 9 | 10-12 || total
-------------------------+-------+-------+-------+-------++-------
Melee: Unarmed           |     1 |     2 |       |       ||     3
       Spear             |       |    49 |   130 |    50 ||   229
       Punch             |       |     2 |     1 |       ||     3
 Cast: Sandblast         |    44 |    46 |    60 |    14 ||   164
       Stone Arrow       |       |       |    10 |       ||    10
Evoke: Wand              |       |       |     8 |       ||     8
  Use: Scroll            |       |    11 |     3 |       ||    14
       Potion            |       |     9 |     3 |     2 ||    14
 Stab: Sleeping          |       |     2 |     1 |       ||     3
Armor: Robe              |     6 |    12 |    45 |     1 ||    64
       Troll leather arm |       |       |       |     9 ||     9
       Skin              |       |       |       |     1 ||     1
Dodge: Dodged            |    12 |    31 |   127 |    33 ||   203

Table legend: (Time is in decaauts)
 A = Elapsed time spent in this place.
 B = Non-inter-level travel time spent in this place.
 C = Inter-level travel time spent in this place.
 D = Time resting spent in this place.
 E = Time spent auto-exploring this place.
 F = Levels seen in this place.
 G = Mean time per level.
                   A        B        C        D        E       F      G
               +--------+--------+--------+--------+--------+-----+--------+
         Total |   8004 |   8004 |      0 |   1583 |   4062 |   8 | 1000.5 |
       Dungeon |   8004 |   8004 |      0 |   1583 |   4062 |   8 | 1000.5 |
               +--------+--------+--------+--------+--------+-----+--------+

Top non-repeatable levels by time:
     D:4: 1560 daAuts
     D:7: 1280 daAuts
     D:1: 1263 daAuts
     D:6: 981 daAuts
     D:5: 879 daAuts
     D:2: 717 daAuts
     D:8: 703 daAuts
     D:3: 617 daAuts
